 Dungeon Crawl Stone Soup version 0.19-a0-1008-g4c63d25 (webtiles) character file.

345 HAL9000 the Basher (level 6, 0/68 HPs)
             Began as an Ogre Berserker on July 22, 2016.
             Was a Believer of Trog.
             Slain by a goblin
             ... wielding a +0 dagger
             ... led by Robin
              (1 damage)
             ... on level 2 of the Dungeon.
             The game lasted 00:03:49 (2475 turns).

HAL9000 the Basher (Ogre Berserker)                 Turns: 2475, Time: 00:03:50

Health: 0/68       AC:  3    Str: 23    XL:     6   Next: 58%
Magic:  6/6        EV: 10    Int:  6    God:    Trog [**....]
Gold:   70         SH:  0    Dex: 11    Spells: 0 memorised, 5 levels left

rFire  . . .     SeeInvis .     a - +0 mace
rCold  . . .     Gourm    .     b - +0 animal skin
rNeg   . . .     Faith    .     (no shield)
rPois  .         Spirit   .     (helmet restricted)
rElec  .         Dismiss  .     (no cloak)
rCorr  .         Reflect  .     (gloves unavailable)
SustAt .         Harm     .     (boots unavailable)
MR     .....                    (no amulet)
Stlth  +.........               (no ring)
                                (no ring)

@: exhausted, very slightly contaminated, slowed, invisible, very slow, not
resistant to hostile enchantments, very unstealthy
A: unfitting armour, tough skin 1
a: Berserk, Trog's Hand, Burn Spellbooks, Renounce Religion


You were on level 2 of the Dungeon.
You worshipped Trog.
Trog was pleased with you.
You were near starving.

You visited 1 branch of the dungeon, and saw 3 of its levels.

You collected 70 gold pieces.

Inventory:

Hand Weapons
 a - a +0 mace (weapon)
Armour
 b - a +0 animal skin (worn)
Wands
 j - a wand of teleportation (2/9)
Scrolls
 d - a scroll of teleportation {unknown}
 e - 2 scrolls of remove curse {unknown}
 f - a scroll of identify {unknown}
Potions
 g - a potion of invisibility
 i - a potion of haste {unknown}
Comestibles
 c - a bread ration
 k - a meat ration


   Skills:
 + Level 6.3 Fighting
 * Level 8.0 Maces & Flails
 - Level 2.6 Dodging


You had 5 spell levels left.
You didn't know any spells.

Dungeon Overview and Level Annotations

Branches:
Dungeon (3/15)

Altars:
Dithmenos
Fedhas
Ru
Sif Muna

Annotations:
D:3 Robin


Innate Abilities, Weirdness & Mutations

You are too large for most types of armour.
You have tough skin. (AC +1)


Message History

Unknown command.
It was a potion of cure mutation.
It has a very clean taste.
The goblin closely misses you.
You catch the helpless goblin completely off-guard!
You hit the goblin.
The goblin is moderately wounded.
The goblin hits you but does no damage. The goblin barely misses you.
You barely miss the goblin.
The goblin is moderately wounded.
The goblin hits you but does no damage.
You hit the goblin.
The goblin is heavily wounded.
The goblin hits you with a dagger.
* * * LOW HITPOINT WARNING * * *
The goblin closely misses you.
You closely miss the goblin.
The goblin is heavily wounded.
The goblin no longer looks unusually strong.
The goblin hits you with a dagger.
You die...

#.##.##.# #.##)##### ###...#
#.......# #.#......# #...#
..##.###########.#.####.# #...#
#....##.......##.#.####.# #...#
..#####.......##........#####...#
.## #......(##.#.##............
.# #........#.#.##............
.## #........#†#.............>.
.(# #........#@##.##.######...#
..#####........#g##.##.# #......
..##.......#...........# #.#...#
.###.#####.#.#.##.#.##.# #.#...#
.# #.#####.#...##)#.##.# #.#....
.# #...................# #.#....
.###.##.#..#...##.#.#### #......
...........#........############.
####.####.##......#.......######.


You could see a goblin.

Vanquished Creatures
  Sigmund (D:2)
  Terence (D:2)
  3 gnolls
  5 adders
  3 oozes
  2 dart slugs (D:2)
  3 giant geckos
  5 bats
  2 giant cockroaches (D:2)
  9 goblins
  8 hobgoblins
  7 jackals
  A quokka (D:2)
  3 giant newts (D:1)
  7 kobolds
  3 rats
63 creatures vanquished.

Notes
Turn   | Place    | Note
-------+----------+-------------------------------------------
     0 | D:1      | HAL9000 the Ogre Berserker began the quest for the Orb.
     0 | D:1      | Reached XP level 1. HP: 24/24 MP: 1/1
    65 | D:1      | Reached XP level 2. HP: 23/32 MP: 2/2
   649 | D:1      | Reached skill level 5 in Maces & Flails
   764 | D:1      | Reached XP level 3. HP: 40/40 MP: 3/3
  1088 | D:2      | Noticed Terence
  1103 | D:2      | Found a shadowy altar of Dithmenos.
  1108 | D:2      | Found a deep blue altar of Sif Muna.
  1108 | D:2      | Found a blossoming altar of Fedhas.
  1182 | D:2      | Noticed Sigmund
  1183 | D:2      | Found a sacrificial altar of Ru.
  1199 | D:2      | Killed Sigmund
  1199 | D:2      | Reached skill level 5 in Fighting
  1199 | D:2      | Reached skill level 7 in Maces & Flails
  1199 | D:2      | Reached XP level 4. HP: 11/52 MP: 4/4
  1199 | D:2      | Reached XP level 5. HP: 12/59 MP: 5/5
  1268 | D:2      | Killed Terence
  1268 | D:2      | Reached XP level 6. HP: 24/67 MP: 6/6
  2145 | D:2      | Reached ** piety under Trog
  2232 | D:3      | Noticed Robin
  2455 | D:3      | Reached skill level 8 in Maces & Flails
  2470 | D:2      | HP: 2/68 [goblin/dagger[Robin] (6)]
  2475 | D:2      | Slain by a goblin

Vault maps used:
D:1:      wheals_arrival_shading
D:2:      nicolae_ru_sacrificial_ziggurat, grunt_temple_overflow_open,
          first_bread, uniq_terence, uniq_sigmund
D:3:      lemuel_crystal_altar, zin_purify, dancing_weapons_uskayaw, uniq_robin

Skill      XL: |  1  2  3  4  5  6 |
---------------+-------------------+-----
Maces & Flails | 5 7 8 |  8.0
Fighting       | 5 6 |  6.3
Dodging        | |  2.6

Action                   |  1- 3 |  4- 6 || total
-------------------------+-------+-------++-------
Melee: Mace              |    92 |   103 ||   195
Invok: Berserk           |     1 |     3 ||     4
  Use: Potion            |       |     2 ||     2
 Stab: Sleeping          |     2 |       ||     2
       Invisible         |       |     2 ||     2
  Eat: Chunk             |     1 |     2 ||     3
       Bread ration      |       |     1 ||     1
Armor: Animal skin       |    23 |    17 ||    40
Dodge: Dodged            |    47 |    60 ||   107
